 Dungeon Crawl Stone Soup version 0.30-a0-1094-g860fb061e7 (webtiles) character file.

Game seed: 6000888932981752529

8915 Dittersdorf the Fighter (level 11, -3/72 HPs)
             Began as a Gargoyle Fighter on Apr 17, 2023.
             Was a High Priest of Okawaru.
             Slain by a brown ugly thing (6 damage)
             ... on level 10 of the Dungeon.
             The game lasted 00:21:12 (10843 turns).

Dittersdorf the Fighter (Gargoyle Fighter)         Turns: 10843, Time: 00:21:12

Health: -3/72      AC: 24    Str: 24    XL:     11   Next: 38%
Magic:  5/11       EV:  7    Int:  9    God:    Okawaru [*****.]
Gold:   654        SH:  6    Dex:  9    Spells: 10/10 levels left

rFire   . . .      SeeInvis .    B - +2 flail (protect)
rCold   . . .      Faith    +    c - +0 buckler
rNeg    + . .      Spirit   .    m - +0 plate armour
rPois   ∞          Reflect  .    q - +0 helmet
rElec   +          Rampage  .    I - +2 cloak {Stlth+}
rCorr   +                        k - +0 pair of gloves
Will    .....                    (no boots) Stlth
                                 K - amulet of faith
HPRegen 0.32/turn                F - ring of resist corrosion
MPRegen 0.12/turn                y - +4 ring of protection

@: finesse-ful, corroded, under a protective aura
A: sickness immunity, AC +8, negative energy resistance 1, electricity
resistance, torment resistance 1, petrification resistance
a: Renounce Religion, Heroism, Finesse, Duel


You were on level 10 of the Dungeon.
You worshipped Okawaru.
Okawaru was extremely pleased with you.
You visited 1 branch of the dungeon, and saw 11 of its levels.

You collected 654 gold pieces.

Inventory:

Hand Weapons
 a - the +5 sling of Callousness {elec, Int+3}
   (You found it on level 9 of the Dungeon)

   Int:       It affects your intelligence (+3).
 i - a +0 morningstar
 B - a +2 flail of protection (weapon)
Missiles
 l - 4 curare-tipped darts (quivered)
Armour
 c - a +0 buckler (worn)
 k - a +0 pair of gloves (worn)
 m - a +0 plate armour (worn)
 q - a +0 helmet (worn)
 I - a +2 cloak of stealth (worn)
Magical Staves
 s - a staff of earth
Jewellery
 v - a +6 ring of intelligence
 y - a +4 ring of protection (right hand)
 F - a ring of resist corrosion (left hand)
 K - an amulet of faith (around neck)
Wands
 e - a wand of quicksilver (21)
 p - a wand of iceblast (19)
 r - a wand of flame (44)
Scrolls
 b - 3 scrolls of immolation {unknown}
 j - 5 scrolls of teleportation {unknown}
 n - 3 scrolls of noise {unknown}
 u - 3 scrolls of silence {unknown}
 x - 3 scrolls of enchant armour
 z - a scroll of brand weapon {unknown}
 A - 3 scrolls of amnesia {unknown}
 C - 3 scrolls of blinking
 D - a scroll of poison {unknown}
 J - 2 scrolls of vulnerability {unknown}
 L - a scroll of magic mapping
 M - a scroll of enchant weapon {unknown}
Potions
 d - 3 potions of might
 f - 2 potions of cancellation
 g - 3 potions of curing
 h - 3 potions of brilliance
 o - a potion of haste
 t - 3 potions of heal wounds
 w - 3 potions of flight
 E - a potion of invisibility
 G - a potion of resistance
 H - 4 potions of berserk rage
 N - a potion of mutation


   Skills:
 + Level 10.2 Fighting
 + Level 9.0 Maces & Flails
 + Level 10.2 Armour
 + Level 10.2 Shields


You had 10 spell levels left.
You didn't know any spells.
Your spell library contained the following spells:

 Spells                   Type           Power      Damage    Failure   Level
 Apportation              Tloc           0%         N/A       99%         1
 Necrotise                Necr           0%         1d4       99%         1
 Shock                    Conj/Air       0%         1d3       99%         1
 Blink                    Tloc           0%         N/A       100%        2
 Lesser Beckoning         Tloc           0%         N/A       100%        2
 Momentum Strike          Conj/Tloc      0%         3d8       100%        2
 Static Discharge         Conj/Air       0%         2-2/arc   100%        2
 Hailstorm                Conj/Ice       0%         3d3       100%        3
 Swiftness                Air            0%         N/A       100%        3
 Airstrike                Air            0%         2d(0-16)  100%        4
 Ice Form                 Ice/Tmut       0%         N/A       100%        4
 Passage of Golubria      Tloc           0%         N/A       100%        4
 Iskenderun's Battlesphe  Conj           0%         2d6       100%        5
 Silence                  Hex/Air        0%         N/A       100%        5
 Iron Shot                Conj/Erth      0%         9d1       100%        6
 Ozocubu's Refrigeration  Ice            0%         4d7       100%        7
 Lehudib's Crystal Spear  Conj/Erth      0%         10d2      100%        8
 Summon Small Mammal      Summ           Unusable   N/A       N/A         1
 Summon Guardian Golem    Hex/Summ       Unusable   N/A       N/A         3
 Summon Lightning Spire   Summ/Air       Unusable   N/A       N/A         4
 Simulacrum               Ice/Necr       Unusable   N/A       N/A         6
 Spellforged Servitor     Conj/Summ      Unusable   N/A       N/A         7

Dungeon Overview and Level Annotations

Branches:
Dungeon (11/15)            Temple (0/1) D:7             Orc (0/2) D:11
   Lair: D:8-11

Altars:
Dithmenos
Elyvilon
Fedhas
Kikubaaqudgha
Nemelex Xobeh
Okawaru
Uskayaw
Wu Jian
Zin

Shops:
D:9 (

Annotations:
D:11 1 transporter, Lobster4's ghost, journeyman TeAE


Innate Abilities, Weirdness & Mutations

You are immune to sickness and miasma.
Your stone body is resilient. (AC +8)
You are immune to poison.
You resist negative energy. (rN+)
You are resistant to electric shocks. (rElec)
You are resistant to unholy torment.
You are immune to petrification.


Message History

* * * LOW HITPOINT WARNING * * *
You are splashed with acid.
You resist.
* * * LOW HITPOINT WARNING * * *
You hit the brown ugly thing but do no damage.
The brown ugly thing is severely wounded.
The brown ugly thing tentacle-slaps you but does no damage.
You hit the brown ugly thing but do no damage.
The brown ugly thing is severely wounded.
The brown ugly thing tentacle-slaps you but does no damage.
You hit the brown ugly thing but do no damage.
The brown ugly thing is severely wounded.
The brown ugly thing barely misses you.
You hit the brown ugly thing but do no damage.
The brown ugly thing is severely wounded.
You hit the brown ugly thing but do no damage.
The brown ugly thing is severely wounded.
The brown ugly thing closely misses you.
You hit the brown ugly thing but do no damage.
The brown ugly thing is severely wounded.
The brown ugly thing tentacle-slaps you.
* * * LOW HITPOINT WARNING * * *
You are splashed with acid.
You resist.
* * * LOW HITPOINT WARNING * * *
You hit the brown ugly thing but do no damage.
The brown ugly thing is severely wounded.
You closely miss the brown ugly thing.
The brown ugly thing is severely wounded.
The brown ugly thing misses you.
You can now deal lightning-fast blows.
The brown ugly thing tentacle-slaps you.
* * * LOW HITPOINT WARNING * * *
You are splashed with acid.
You resist.
* * * LOW HITPOINT WARNING * * *
You barely miss the brown ugly thing.
The brown ugly thing is severely wounded.
You closely miss the brown ugly thing.
The brown ugly thing is severely wounded.
You feel like a meek peon again.
The brown ugly thing tentacle-slaps you.
You die...

.....#.###..##.#######...#.......
#........#...#.#........##.......
...#.#.#.#...#.#.#..###.#########
...#.#.#.##..#...[.####.#####
..##.#.#.....#...####.......#
...#.#.####.#..#.# #.......#
<....#.#.........# #.......#
#.####......>..######.......#
.........#####.u@...........#
#.######## ########.......# #.#
######### #.......# #.# #.......#
#.......# #.########.......#
#.......# .................#
#.......# ............######
#.......# ............# #.......#
............# #########


You could see a brown ugly thing.

Vanquished Creatures
  Erolcha (D:10)
  2 two-headed ogres (D:10)
  Urug (D:10)
  Maurice (D:7)
  A kobold demonologist (D:9)
  A shadow (D:10)
  Sigmund (D:6)
  12 yaks
  A wyvern (D:8)
  A wraith (D:11)
  3 steam dragons
  Pargi (D:3)
  2 orc warriors (D:9)
  A sky beast (D:7)
  An ice beast (D:6)
  2 ogres
  3 centaurs
  9 kobold brigands (D:9)
  3 bullfrogs
  2 scorpions
  3 wights
  6 killer bees
  4 electric eels (D:10)
  2 howler monkeys (D:7)
  A hound (D:4)
  3 orc priests
  3 jellies
  2 sleepcaps (D:8)
  3 iguanas
  Jessica (D:3)
  Terence (D:2)
  11 orc wizards
  Robin (D:3)
  4 gnolls (D:5)
  3 adders
  2 shadow imps (D:9)
  A worm (D:2)
  3 dart slugs
  41 orcs
  4 bats
  7 endoplasms
  3 giant cockroaches
  12 hobgoblins
  5 quokkas
  3 ball pythons
  6 frilled lizards (D:2)
  18 goblins
  45 kobolds
  12 kobold skeletons (D:9)
  6 kobold zombies (D:9)
  6 rats
271 creatures vanquished.

Vanquished Creatures (others)
  An orc (D:7)
  2 plants (D:11)
3 creatures vanquished.

Grand Total: 274 creatures vanquished

Notes
Turn   | Place    | Note
-------+----------+-------------------------------------------
     0 | D:1      | Dittersdorf the Gargoyle Fighter began the quest for the
                  | Orb.
     0 | D:1      | Reached XP level 1. HP: 14/14 MP: 1/1
   149 | D:1      | Reached XP level 2. HP: 19/19 MP: 2/2
   514 | D:1      | Reached XP level 3. HP: 14/23 MP: 3/3
   873 | D:2      | Found a faded altar of an unknown god.
   902 | D:2      | Noticed Terence
   912 | D:2      | Killed Terence
  1061 | D:2      | Reached XP level 4. HP: 27/29 MP: 4/4
  1264 | D:2      | Identified the +0 ring mail "Coasanim" {Drain Will+ Slay+2
                  | Stlth+}
  1727 | D:3      | Found a blossoming altar of Fedhas.
  1803 | D:3      | Found a sparkling altar of Nemelex Xobeh.
  1804 | D:3      | Noticed Robin
  1873 | D:3      | Killed Robin
  1874 | D:3      | Reached XP level 5. HP: 13/33 MP: 5/5
  2089 | D:3      | Noticed Jessica
  2096 | D:3      | Killed Jessica
  2462 | D:3      | Noticed Pargi
  2475 | D:3      | Killed Pargi
  2476 | D:3      | Reached XP level 6. HP: 39/39 MP: 6/6
  2847 | D:4      | Reached skill level 5 in Fighting
  2999 | D:4      | Reached skill level 5 in Shields
  3117 | D:4      | Reached skill level 5 in Armour
  3385 | D:4      | Reached XP level 7. HP: 33/44 MP: 7/7
  3823 | D:5      | Entered Level 5 of the Dungeon
  4075 | D:5      | Found a white marble altar of Elyvilon.
  4984 | D:6      | Reached XP level 8. HP: 40/51 MP: 8/8
  5153 | D:6      | Reached skill level 5 in Maces & Flails
  5167 | D:6      | Found an iron altar of Okawaru.
  5192 | D:6      | Noticed Sigmund
  5238 | D:6      | Became a worshipper of Warmaster Okawaru
  5253 | D:6      | Killed Sigmund
  5405 | D:6      | Got the Opusculum on the Doomed Wendigo
  5776 | D:7      | Identified the +1 leather armour of Fuzzy Happiness {Str+3}
  5891 | D:7      | You fall into a shaft and drop 1 floor!
  5893 | D:8      | Found a hide-covered altar of Uskayaw.
  5930 | D:8      | Noticed a wyvern
  5939 | D:8      | Killed a wyvern
  5939 | D:8      | Reached * piety under Okawaru
  5940 | D:8      | Reached XP level 9. HP: 57/57 MP: 9/9
  6345 | D:7      | Found a staircase to the Ecumenical Temple.
  6771 | D:8      | Noticed Maurice
  6835 | D:7      | Killed Maurice
  7151 | D:8      | Reached ** piety under Okawaru
  7640 | D:9      | Found the +10 dark maul {heavy}
  7700 | D:9      | Reached XP level 10. HP: 54/64 MP: 10/10
  7717 | D:9      | Reached *** piety under Okawaru
  7948 | D:9      | Found Soal's Weapon Shoppe.
  7951 | D:9      | Identified the +5 sling of Callousness {elec, Int+3}
  8849 | D:9      | Found an ancient bone altar of Kikubaaqudgha.
  8858 | D:9      | Noticed a kobold demonologist
  8861 | D:9      | Noticed a rust devil
  8865 | D:9      | Noticed a sixfirhy
  8870 | D:9      | Killed a kobold demonologist
  8870 | D:9      | Reached **** piety under Okawaru
  9456 | D:10     | Entered Level 10 of the Dungeon
  9456 | D:10     | Noticed a two-headed ogre
  9470 | D:10     | Killed a two-headed ogre
  9514 | D:10     | Found a shadowy altar of Dithmenos.
  9515 | D:10     | Noticed Erolcha
  9522 | D:10     | Noticed a two-headed ogre
  9685 | D:10     | Killed a two-headed ogre
  9697 | D:10     | Killed Erolcha
  9698 | D:10     | Reached XP level 11. HP: 41/72 MP: 8/11
  9889 | D:10     | Found a glowing silver altar of Zin.
  9982 | D:10     | Noticed Urug
  9998 | D:10     | Killed Urug
  9998 | D:10     | Reached ***** piety under Okawaru
  9999 | D:10     | Reached skill level 10 in Fighting
 10082 | D:10     | Reached skill level 10 in Armour
 10082 | D:10     | Reached skill level 10 in Shields
 10517 | D:10     | Found an ornate altar of the Wu Jian Council.
 10633 | D:11     | Found a staircase to the Orcish Mines.
 10737 | D:11     | Found a transporter.
 10740 | D:11     | Noticed Lobster4's ghost (journeyman TeAE)
 10741 | D:11     | Noticed a two-headed ogre
 10743 | D:11     | Noticed a two-headed ogre
 10743 | D:11     | Noticed a two-headed ogre
 10780 | D:11     | Noticed a brown ugly thing
 10841 | D:10     | HP: 3/72 [acid (3)]
 10843 | D:10     | Slain by a brown ugly thing

Illustrated notes

Levels and vault maps discovered:
D:1:      onia_arrival_pentagram, layout_loops_ring, minmay_indecisive_spiral
D:2:      layout_basic, shapermc_ecumenical_altar_venn, uniq_terence
D:3:      layout_basic, overflow_temple_1_default, old_standard_altar,
          minmay_fountain_box, minmay_pentangle, uniq_robin, uniq_pargi,
          uniq_jessica
D:4:      layout_basic
D:5:      layout_basic, nicolae_elyvilon_peaceful_grove
D:6:      layout_basic, mainiacjoe_overflow_brackets, uniq_sigmund
D:7:      layout_layer_cave, minmay_temple_entry_sparse_star,
          nicolae_fountain_basement
D:8:      layout_gridville, overflow_temple_1_default, uniq_maurice
D:9:      wander_kiku_kobolds, layout_layer_cave, serial_shops,
          nicolae_shop_bloodbath_and_beyond
D:10:     layout_basic, zin_academy, grunt_dithmenos_smoke_and_mirrors,
          nicolae_wu_jian_wuxing_cycle, uniq_erolcha, uniq_urug
D:11:     layout_rooms, erik_lair_orcish_takeover, gammafunk_ghost_smash

Skill      XL: |  1  2  3  4  5  6  7  8  9 10 11 |
---------------+----------------------------------+-----
Fighting       | 4 5 7 8 9 10 | 10.2
Shields        | 4 5 6 8 9 10 | 10.2
Armour         | 4 5 6 8 9 10 | 10.2
Maces & Flails | 3 4 5 7 8 9 |  9.0

Action                     |  1- 3 |  4- 6 |  7- 9 | 10-12 || total
---------------------------+-------+-------+-------+-------++-------
  Melee: Flail             |    75 |       |   452 |   449 ||   976
         Morningstar       |    24 |   215 |     2 |       ||   241
  Throw: Dart              |       |     3 |     2 |     9 ||    14
 Invoke: Heroism           |       |       |       |     3 ||     3
         Finesse           |       |       |       |     1 ||     1
    Use: Scroll            |       |       |    13 |     4 ||    17
 Armour: Scale mail        |    34 |       |       |       ||    34
         Chain mail        |    26 |   185 |   396 |       ||   607
         Plate armour      |       |       |    31 |   388 ||   419
  Dodge: Dodged            |    34 |    77 |   217 |   162 ||   490
  Block: Buckler           |    15 |    65 |   129 |   140 ||   349

Table legend: (Time is in decaauts)
 A = Elapsed time spent in this place.
 B = Non-inter-level travel time spent in this place.
 C = Inter-level travel time spent in this place.
 D = Time resting spent in this place.
 E = Time spent auto-exploring this place.
 F = Levels seen in this place.
 G = Mean time per level.
                   A        B        C        D        E       F      G
               +--------+--------+--------+--------+--------+-----+--------+
         Total |  11050 |  10616 |    434 |    980 |   7027 |  11 | 1004.5 |
       Dungeon |  11050 |  10616 |    434 |    980 |   7027 |  11 | 1004.5 |
               +--------+--------+--------+--------+--------+-----+--------+

Top non-repeatable levels by time:
     D:9: 2078 daAuts
    D:10: 1148 daAuts
     D:3: 1142 daAuts
     D:7: 1133 daAuts
     D:4: 1094 daAuts
     D:6: 1006 daAuts
     D:5: 905 daAuts
     D:1: 885 daAuts
     D:2: 838 daAuts
     D:8: 714 daAuts
    D:11: 103 daAuts
